[Event "*** Titled Tuesday Blitz"]
[Site "Chess.com"]
[Date "2020.10.27"]
[Round "11"]
[White "ajedrezhoy"]
[Black "Yoshikrov"]
[Result "1-0"]
[WhiteElo "2235"]
[BlackElo "2129"]
[TimeControl "180+1"]
[EndTime "12:03:24 PDT"]
[Termination "ajedrezhoy won by resignation"]

1. d4 Nf6 2. c4 g6 3. Nc3 d5 4.
cxd5 Nxd5 5. e4 Nxc3 6. bxc3 Bg7 7. Bb5+ Nc6 8. d5 a6 9. Ba4 b5 10. Bc2 Bxc3+ 11. Bd2 Bxd2+ 12. Qxd2 Ne5 13. Qd4 f6 14. f4 Nc4 15. a4 Bb7 16. Bd3 c5 17. Qxc5 Rc8 18. Qd4 Qa5+ 19. Kf1 Qd2 20. Ne2 Nb2 21.
Bxb5+ 1-0

[Event "*** Titled Tuesday Blitz"]
[Site "Chess.com"]
[Date "2020.10.27"]
[Round "11"]
[White "WuinaterJr"]
[Black "PaulfromSPb"]
[Result "1-0"]
[WhiteElo "2558"]
[BlackElo "2706"]
[TimeControl "180+1"]
[EndTime "12:03:27 PDT"]
[Termination "WuinaterJr won by resignation"]

1. d4 Nf6 2. c4 e6 3. Nf3 b6 4.
g3 Ba6 5. Bg2 Bxc4 6. O-O Bd5 7.
Nc3 Bb7 8. Bf4 d6 9. Rc1 a6 10. Re1 Nbd7 11. e4 Be7 12. e5 dxe5 13. dxe5 Nd5 14.
Nxd5 Bxd5 15. Nd4 Nc5 16. Nc6 Qd7 17. Nxe7 Kxe7 18. Bxd5 Qxd5 19. Qg4 Kf8 20. Red1 Qxa2 21. Qg5 Re8 22. Rd8 Qa4 23. Rcd1 Nb7 24. R8d7 Nc5 25. Rd8 h6 26. Qh5 Kg8 27. b4 Ne4 28. R1d7 Rxd8 29. Qxf7+ 1-0

[Event "*** Titled Tuesday Blitz"]
[Site "Chess.com"]
[Date "2020.10.27"]
[Round "11"]
[White "Khnykin_Nikolay"]
[Black "poppy73"]
[Result "0-1"]
[WhiteElo "2075"]
[BlackElo "2227"]
[TimeControl "180+1"]
[EndTime "12:03:28 PDT"]
[Termination "poppy73 won by checkmate"]

1. e4 c5 2. d4 cxd4 3. c3 dxc3 4. Nxc3 Nc6 5. Nf3 e6 6. Bc4 a6 7. O-O Nge7 8. Bf4 Ng6 9. Bg5 f6 10. Bf4 Nxf4 11. g3 Ng6 12. Re1 Be7 13. e5 Ncxe5 14.
Nxe5 Nxe5 15. Bb3 O-O 16. Kh1 b5 17. Re3 Bb7+ 18. Kg1 Bc5 19. Rxe5 fxe5 20. Qg4 Bxf2+ 21.
Kf1 Bxg3+ 22. Ke2 Bf3+ 23. Qxf3 Rxf3 24. Kxf3 Bxh2 25. Ne4 d5 26. Nc5 Qf6+ 27. Ke2 Rf8 28. Nd7 Qf3+ 29. Kd2 Bf4+ 30. Kc2 Qe4+ 31. Kc3 Qd4+ 32.
Kc2 Qd2+ 33. Kb1 Qc1# 0-1

[Event "*** Titled Tuesday Blitz"]
[Site "Chess.com"]
[Date "2020.10.27"]
[Round "11"]
[White "Marina_Chess_Rus"]
[Black "TotsukaBlade"]
[Result "0-1"]
[WhiteElo "2266"]
[BlackElo "2415"]
[TimeControl "180+1"]
[EndTime "12:03:42 PDT"]
[Termination "TotsukaBlade won on time"]

1. d4 d5 2. Nf3 Nf6 3. c4 dxc4 4. a4 a6 5. Nc3 Nc6 6. e4 Bg4 7. Be3 Na5 8. h3 Bh5 9. Be2 e6 10. O-O Bb4 11. e5 Nd5 12. Na2 Be7 13. Rc1 b5 14.
Nd2 Bg6 15. b3 Nxe3 16. fxe3 c5 17. bxc4 cxd4 18. cxb5 dxe3 19. Nf3 O-O 20. Nb4 Bxb4 21. Nd4 Bd2 0-1

[Event "*** Titled Tuesday Blitz"]
[Site "Chess.com"]
[Date "2020.10.27"]
[Round "11"]
[White "Semen_Khanin"]
[Black "tlomigtlis"]
[Result "1-0"]
[WhiteElo "2777"]
[BlackElo "2608"]
[TimeControl "180+1"]
[EndTime "12:03:43 PDT"]
[Termination "Semen_Khanin won by resignation"]

1. c4 Nf6 2. Nc3 e5 3. g3 d5 4. cxd5 Nxd5 5. Bg2 Nb6 6. e3 Be7 7. Nge2 O-O 8. O-O Nc6 9. f4 exf4 10. Nxf4 Qe8 11. d4 g6 12. e4 Bf6 13. e5 Bg7 14.
Nfd5 Qd8 15. h4 Be6 16. Bg5 Qd7 17. Nxb6 axb6 18. d5 Bg4 19. dxc6 Qe6 20. Qd5 bxc6 21. Qxe6 Bxe6 22. Bxc6 Ra5 23. Bf6 Bxf6 24. exf6 h5 25.
Rad1 Rc5 26. Bg2 Bc4 27. Rf4 Re8 28. Rfd4 Ba6 29. Rd8 Re5 30. Rxe8+ Rxe8 31. Ne4 Bb7 32. Ng5 Bxg2 33. Kxg2 1-0

[Event "*** Titled Tuesday Blitz"]
[Site "Chess.com"]
[Date "2020.10.27"]
[Round "11"]
[White "GregShahade"]
[Black "Skat2704"]
[Result "1-0"]
[WhiteElo "2630"]
[BlackElo "2446"]
[TimeControl "180+1"]
[EndTime "12:03:45 PDT"]
[Termination "GregShahade won by resignation"]

1. e4 c6 2. Nc3 d5 3. Nf3 dxe4 4. Nxe4 Nf6 5. Qe2 e6 6. d4 Be7 7. Nxf6+ Bxf6 8. c3 O-O 9. g3 Nd7 10. Bg2 c5 11.
O-O cxd4 12. Nxd4 Nb6 13. Rd1 Qe7 14. b3 e5 15. Nb5 Be6 16. Ba3 Qe8 17. Bxf8 Qxf8 18.
Nc7 Rc8 19. Nxe6 fxe6 20. Bxb7 Rxc3 21. Rac1 Qc5 22. Rxc3 Qxc3 23. Qd2 Qc5 24. Qd6 Qxd6 25. Rxd6 Kf7 26. a4 Ke7 27. Rd1 Nd7 28. b4 Nb6 29. a5 Nc4 30. Bc6 Nd6 31. b5 e4 32. b6 axb6 33.
a6 Be5 34. a7 1-0

[Event "*** Titled Tuesday Blitz"]
[Site "Chess.com"]
[Date "2020.10.27"]
[Round "11"]
[White "Matols"]
[Black "DonBroca"]
[Result "1-0"]
[WhiteElo "2250"]
[BlackElo "2149"]
[TimeControl "180+1"]
[EndTime "12:03:45 PDT"]
[Termination "Matols won by resignation"]

1. d4 Nf6 2. c4 d6 3. Nf3 g6 4. g3 Bg7 5. Bg2 O-O 6. O-O Nbd7 7. Nc3 e5 8. e4 Re8 9. h3 exd4 10. Nxd4 Nc5 11. Re1 a5 12. Ndb5 Bd7 13. Bg5 h6 14. Bf4 Bc6 15. Nd5 Bxb5 16. cxb5 Nh5 17. Bd2 Bxb2 18.
Bxh6 Bxa1 19. Qxa1 c6 20. g4 cxd5 21. gxh5 f6 22.
hxg6 Qe7 23. e5 Ne4 24. exf6 Qxf6 25. Bxe4 Qxa1 26. Bxd5+ Kh8 27. Rxa1 Rg8 28. Bxg8 Rxg8 29. Bf4 Rxg6+ 30. Kh2 Kg7 31. Rg1 Kf6 32. Rxg6+ Kxg6 33. Bxd6 1-0

[Event "*** Titled Tuesday Blitz"]
[Site "Chess.com"]
[Date "2020.10.27"]
[Round "11"]
[White "AnnaChessLook"]
[Black "RamyresCoelho"]
[Result "1-0"]
[WhiteElo "2238"]
[BlackElo "2076"]
[TimeControl "180+1"]
[EndTime "12:03:51 PDT"]
[Termination "AnnaChessLook won by checkmate"]

1. d4 c5 2. d5 e6 3. Nc3 d6 4. Nf3 Nf6 5. e4 e5 6. g3 Be7 7.
Bg2 O-O 8. O-O a6 9. a4 Ne8 10. Nd2 f5 11. Nc4 f4 12. f3 g5 13. g4 Ng7 14.
Rb1 h5 15. h3 hxg4 16. hxg4 Kf7 17. b4 cxb4 18. Rxb4 Rh8 19. Nb6 a5 20. Rb3 Ra6 21. Nxc8 Qxc8 22. Ba3 Nd7 23. Nb5 Nc5 24. Rc3 Qg8 25.
Bxc5 dxc5 26. d6 Bf6 27. Qd5+ Ne6 28. Qxb7+ Kg6 29. Qxa6 Qh7 30. d7 Qh2+ 31. Kf2 Qg3+ 32. Ke2 Qxg2+ 33. Rf2 Qg3 34. Qxe6 Rh2 35. Qg8+ Bg7 36.
Qe8+ Kh7 37. Rxh2+ Qxh2+ 38. Kd3 Qf2 39. Qh5+ Kg8 40. d8=Q+ Bf8 41. Qg6+ Kh8 42. Qxf8# 1-0

[Event "*** Titled Tuesday Blitz"]
[Site "Chess.com"]
[Date "2020.10.27"]
[Round "11"]
[White "pastouche06"]
[Black "RobertoJBM"]
[Result "0-1"]
[WhiteElo "2510"]
[BlackElo "2786"]
[TimeControl "180+1"]
[EndTime "12:03:55 PDT"]
[Termination "RobertoJBM won by resignation"]

1. d4 d5 2. c4 c6 3. Nf3 Nf6 4. Qc2 g6 5. Bf4 Bg7 6. e3 O-O 7. Nc3 Be6 8. Ng5 Bf5 9. Qb3 Qb6 10.
cxd5 Qxb3 11. axb3 cxd5 12. b4 Nbd7 13. h3 h6 14. Nf3 g5 15. Bh2 Rfc8 16. Ne5 Nb6 17. g4 Bh7 18. f3 e6 19. Kd2 Bf8 20. b5 Bb4 21. Be2 Ne8 22. Rhc1 Nd6 23. b3 Rc7 24. Bd3 Rac8 25. Bxh7+ Kxh7 26. Nd3 Bxc3+ 27. Rxc3 Rxc3 28. Bxd6 Rxb3 29. Nc5 Nc4+ 30. Kc2 Rxb5 31. Rxa7 Nxd6 0-1

[Event "*** Titled Tuesday Blitz"]
[Site "Chess.com"]
[Date "2020.10.27"]
[Round "11"]
[White "Omk124"]
[Black "BJthechessgod"]
[Result "1-0"]
[WhiteElo "2403"]
[BlackElo "2292"]
[TimeControl "180+1"]
[EndTime "12:03:55 PDT"]
[Termination "Omk124 won by resignation"]

1. e4 c5 2. Nf3 Nc6 3. d4 cxd4 4. Nxd4 e6 5. g3 Nf6 6. Bg2 Be7 7. O-O O-O 8. c4 d5 9. cxd5 exd5 10. Nxc6 bxc6 11. exd5 cxd5 12. Nc3 Bb7 13. Bg5 Ne4 14. Bxe7 Qxe7 15. Nxd5 Qe5 16. Ne3 Rab8 17. Nc4 Qc5 18. b3 Rfd8 19.
Qc2 Rd2 20. Qc1 Rxf2 21. Qe3 Rxg2+ 22. Kxg2 Nd2+ 23. Kg1 Qxe3+ 24. Nxe3 Nxf1 25. Kxf1 Re8 26. Kf2 Rc8 27. Rd1 g6 28. Rd7 Rb8 29. Nc4 a5 30. Nxa5 Ba6 31. Nc6 Rc8 32. Ne7+ Kf8 33. Nxc8 Ke8 34.
Rc7 Kd8 35. Rc6 Bxc8 36. Rxc8+ Kxc8 37. a4 Kb7 38. a5 Ka6 39. b4 Kb5 40. Ke3 f5 41.
Kf4 h6 42. h4 Kxb4 43. a6 Ka5 44. a7 1-0

[Event "*** Titled Tuesday Blitz"]
[Site "Chess.com"]
[Date "2020.10.27"]
[Round "11"]
[White "Sankalp_Gupta2003"]
[Black "eljanov"]
[Result "1-0"]
[WhiteElo "2729"]
[BlackElo "2852"]
[TimeControl "180+1"]
[EndTime "12:04:03 PDT"]
[Termination "Sankalp_Gupta2003 won by resignation"]

1. e4 c6 2. Nc3 d5 3. Nf3 Bg4 4. Be2 e6 5. h3 Bh5 6. d4 Nf6 7. e5 Nfd7 8. g4 Bg6 9. h4 h5 10. gxh5 Bxh5 11. Ng5 Bxe2 12. Qxe2 Be7 13. Qf3 Bxg5 14.
Bxg5 Qa5 15. O-O-O b5 16. Kb1 Nb6 17. h5 N8d7 18.
Rdg1 Nc4 19. b3 Rb8 20. bxc4 b4 21. Nd1 dxc4 22. h6 b3 23. cxb3 cxb3 24. axb3 Qa3 25. Rg3 gxh6 26. Bc1 Qa4 27. Qc3 Qb5 28. Nb2 Nb6 29. Qc5 Nd5 30. Qxb5 Rxb5 31. Rxh6 Rxh6 32. Bxh6 1-0

[Event "*** Titled Tuesday Blitz"]
[Site "Chess.com"]
[Date "2020.10.27"]
[Round "11"]
[White "exoticprincess"]
[Black "ArjunErigaisi2003"]
[Result "1-0"]
[WhiteElo "2884"]
[BlackElo "2983"]
[TimeControl "180+1"]
[EndTime "12:04:06 PDT"]
[Termination "exoticprincess won by resignation"]

1. d4 Nf6 2. c4 g6 3. g3 Bg7 4.
Bg2 O-O 5. Nc3 c6 6. e4 d6 7. Nge2 e5 8. O-O Na6 9. h3 Re8 10. Be3 exd4 11. Bxd4 Qa5 12. a3 Be6 13. b4 Qh5 14. g4 Qh4 15. f4 Bxg4 16. hxg4 Nxg4 17. Rf3 Bxd4+ 18. Qxd4 c5 19. Qd2 Qh2+ 20. Kf1 Qh4 21. Rg3 cxb4 22. Nd5 f5 23. axb4 Rac8 24.
Rc1 Nc7 25. Ne3 Nxe3+ 26. Qxe3 fxe4 27. Kg1 b5 28. f5 bxc4 29. fxg6 Nd5 30. gxh7+ Kh8 31.
Qd4+ Re5 32. Rxc4 Rxc4 33. Qxc4 Kxh7 34. Rh3 1-0

[Event "*** Titled Tuesday Blitz"]
[Site "Chess.com"]
[Date "2020.10.27"]
[Round "11"]
[White "venus02"]
[Black "svilson23"]
[Result "1-0"]
[WhiteElo "2515"]
[BlackElo "2388"]
[TimeControl "180+1"]
[EndTime "12:04:08 PDT"]
[Termination "venus02 won by checkmate"]

1. d4 d5 2. c4 e6 3. Nc3 f5 4. e3 c6 5. g4 fxg4 6. Qxg4 Nf6 7. Qg2 Qc7 8. f4 Na6 9. Nf3 Bd7 10. Ne5 Rg8 11.
c5 O-O-O 12. Rb1 Nb8 13. b4 Be8 14. a4 h6 15. Bd2 g5 16. Qf2 gxf4 17. exf4 Ng4 18.
Nxg4 Rxg4 19. Bh3 Rg6 20. f5 Rf6 21. Qh4 Be7 22. Bf4 Qd7 23. Qg3 Na6 24. b5 Nxc5 25. bxc6 Qxc6 26. Nb5 Qa6 27. Bb8 Qa5+ 28. Ke2 Ne4 29. Rhc1+ Bc6 30. Nxa7+ Qxa7 31. Qc7# 1-0

[Event "*** Titled Tuesday Blitz"]
[Site "Chess.com"]
[Date "2020.10.27"]
[Round "11"]
[White "GukeshDommaraju"]
[Black "ENajer77"]
[Result "1-0"]
[WhiteElo "2835"]
[BlackElo "2697"]
[TimeControl "180+1"]
[EndTime "12:04:09 PDT"]
[Termination "GukeshDommaraju won by resignation"]

1. e4 c6 2. d4 d5 3. Nc3 dxe4 4.
Nxe4 Bf5 5. Ng3 Bg6 6. Bc4 e6 7. N1e2 Bd6 8. Nf4 Nf6 9. h4 Bxf4 10. Bxf4 h6 11. h5 Bh7 12. Qd2 Nd5 13. Be5 O-O 14.
O-O-O b5 15. Bd3 Bxd3 16. Qxd3 Nd7 17. Ne4 c5 18. Qg3 Nxe5 19. dxe5 Qe7 20. Rh4 Kh8 21. Rg4 Rg8 22. Nd6 f5 23. Rg6 Nf6 24. exf6 1-0

[Event "*** Titled Tuesday Blitz"]
[Site "Chess.com"]
[Date "2020.10.27"]
[Round "11"]
[White "LileKoridze"]
[Black "Fortitudine"]
[Result "0-1"]
[WhiteElo "2367"]
[BlackElo "2296"]
[TimeControl "180+1"]
[EndTime "12:04:11 PDT"]
[Termination "Fortitudine won by resignation"]

1. d4 Nf6 2. c4 c5 3. d5 b5 4. cxb5 a6 5. bxa6 g6 6. Nc3 Bg7 7. e4 O-O 8. e5 Ne8 9. Nf3 Nc7 10. Bc4 d6 11. exd6 exd6 12. O-O Bxa6 13. Bxa6 Nbxa6 14. Bg5 Qd7 15. Ne4 f5 16. Nc3 Rfe8 17. a3 Nb5 18. Qd3 Nxc3 19. bxc3 Nc7 20. h3 Qb5 21. Qc2 Qa4 22. Qd3 Qe4 23. Rfd1 Qxd3 24. Rxd3 Nb5 25. Rb1 Nxa3 26. Rb7 Nc4 27. Be7 Rab8 28. Rd7 Nb6 29.
Rc7 Nc4 30. Ng5 Rb1+ 31. Kh2 Be5+ 32. g3 f4 33. Kg2 fxg3 34. fxg3 Rb2+ 35. Kf1 Ra8 36.
Rd1 Ne3+ 37. Ke1 Nxd1 0-1

[Event "*** Titled Tuesday Blitz"]
[Site "Chess.com"]
[Date "2020.10.27"]
[Round "11"]
[White "WPWPWP-2015"]
[Black "MF1966Idrisov"]
[Result "1/2-1/2"]
[WhiteElo "2479"]
[BlackElo "2353"]
[TimeControl "180+1"]
[EndTime "12:04:12 PDT"]
[Termination "Game drawn by repetition"]

1. e4 d6 2. d4 Nf6 3. Nc3 Nbd7 4.
a4 e5 5. Nge2 Be7 6. h3 Nf8 7. a5 a6 8. Be3 Ng6 9. Ng3 O-O 10. Bc4 Nf4 11. O-O Be6 12. Bxe6 fxe6 13. dxe5 dxe5 14. Qxd8 Rfxd8 15. Rfd1 Kf7 16. f3 Nd7 17.
Nge2 Nxe2+ 18. Nxe2 Ke8 19. Kf2 Bc5 20. Rd3 Bxe3+ 21.
Kxe3 Nc5 22. Rc3 b6 23. b4 Nd7 24. Rxc7 bxa5 25. Rxa5 Rdc8 26. Rxa6 Rcb8 27. Rxa8 Rxa8 28. Rc6 Ke7 29. c3 Ra2 30. h4 h6 31. h5 Ra1 32. g4 Ra3 33. Kd3 Nb8 34. Rb6 Nd7 35. Rc6 Nb8 36. Rc8 Nd7 37. Ke3 Nb6 38. Rc6 Nd7 39. Kd3 1/2-1/2

[Event "*** Titled Tuesday Blitz"]
[Site "Chess.com"]
[Date "2020.10.27"]
[Round "11"]
[White "alexwinter25"]
[Black "TudorAnton"]
[Result "0-1"]
[WhiteElo "2321"]
[BlackElo "2486"]
[TimeControl "180+1"]
[EndTime "12:04:17 PDT"]
[Termination "TudorAnton won by resignation"]

1. e4 c5 2. Nf3 Nc6 3. d4 cxd4 4. c3 Nf6 5. Bd3 dxc3 6. Nxc3 e6 7. O-O d5 8. exd5 Nxd5 9. Qe2 Nxc3 10. bxc3 Qa5 11. Bd2 Bc5 12. Rab1 Qxa2 13. Bc4 Qc2 14. Bd3 Qa4 15.
Rb5 Be7 16. Ne5 Nxe5 17. Qxe5 Bd7 18. Rxb7 O-O 19. c4 Bf6 20. Qh5 g6 21. Qh3 Bc6 22.
Rb4 Qa3 23. Rfb1 Rad8 24. R4b3 Qa2 25. Bh6 Rfe8 26. Qe3 Bd4 27. Qg3 Qa5 28. Bf1 Qc5 29.
Bg5 f6 30. Be3 Bxe3 31. Rxe3 e5 32. Qh4 Kg7 33. Rh3 h5 34. Rg3 e4 35. Ra1 Re5 36. Qf4 Rf5 37. Qc7+ Rd7 38. Qc8 Qxf2+ 39. Kh1 Qxf1+ 0-1

[Event "*** Titled Tuesday Blitz"]
[Site "Chess.com"]
[Date "2020.10.27"]
[Round "11"]
[White "SanchezKelvin"]
[Black "Kazmin_Dmitrij"]
[Result "1-0"]
[WhiteElo "2377"]
[BlackElo "2270"]
[TimeControl "180+1"]
[EndTime "12:04:17 PDT"]
[Termination "SanchezKelvin won by resignation"]

1. e4 e5 2. Nf3 d6 3. d4 exd4 4. Nxd4 Nf6 5. Nc3 Be7 6. h3 O-O 7. g4 d5 8. e5 Ne4 9. Bg2 Nxc3 10. bxc3 Nc6 11. Nxc6 bxc6 12. O-O Rb8 13. Be3 a5 14. f4 Ba6 15. Rf3 Bc4 16. Qd2 a4 17. f5 f6 18. exf6 Bxf6 19. Bf1 Bxf1 20. Raxf1 Rb2 21.
g5 Be5 22. f6 Rxa2 23. Bc5 g6 24. f7+ Kg7 25. Bd4 Qd6 26. Qe3 1-0

[Event "*** Titled Tuesday Blitz"]
[Site "Chess.com"]
[Date "2020.10.27"]
[Round "11"]
[White "Anton_Demchenko"]
[Black "FairChess_on_YouTube"]
[Result "0-1"]
[WhiteElo "2859"]
[BlackElo "2985"]
[TimeControl "180+1"]
[EndTime "12:04:21 PDT"]
[Termination "FairChess_on_YouTube won by resignation"]

1. e4 c5 2. Nf3 a6 3. c3 e6 4.
d4 d5 5. e5 Bd7 6. Be2 Bb5 7.
O-O Nc6 8. Bxb5 axb5 9. Be3 c4 10. a3 b4 11. Ng5 h6 12. Nh3 Nge7 13. Nd2 bxc3 14.
bxc3 Nf5 15. a4 Be7 16. Qc2 O-O 17. Rfb1 Ra7 18. Nf4 Qd7 19. Nf3 Rfa8 20. Ne2 Nd8 21. g4 Nxe3 22. fxe3 Rxa4 23. Rxa4 Qxa4 24. Qxa4 Rxa4 25.
Rb2 Kf8 26. Nd2 Ke8 27. e4 Kd7 28. exd5 exd5 29. Nf1 Kc6 30. Ne3 Ne6 31. Kf2 b5 32. Nxd5 Kxd5 33. Rxb5+ Ke4 34. Rb8 Ra2 35. Kf1 Ke3 36. Ng1 Nf4 0-1

[Event "*** Titled Tuesday Blitz"]
[Site "Chess.com"]
[Date "2020.10.27"]
[Round "11"]
[White "TrickyFortem"]
[Black "zmeeed67"]
[Result "1-0"]
[WhiteElo "2538"]
[BlackElo "2358"]
[TimeControl "180+1"]
[EndTime "12:04:21 PDT"]
[Termination "TrickyFortem won by resignation"]

1. d4 Nc6 2. d5 Ne5 3. b3 Ng6 4. Bb2 e5 5. dxe6 dxe6 6. Qxd8+ Kxd8 7. Nf3 Nf6 8. Nc3 Bd7 9. O-O-O Kc8 10. h3 Bc5 11. e3 h6 12. a4 a6 13. Be2 Rd8 14.
Rd2 Bc6 15. Rhd1 Rxd2 16. Rxd2 b6 17. g3 Kb7 18. h4 Ng4 19. Nd1 f6 20. b4 Be7 21. b5 axb5 22. axb5 Be8 23. Nd4 N4e5 24. Nxe6 Ra5 25. f4 Nf7 26. c4 Bb4 27. Nc3 Nd6 28.
Nxg7 Bf7 29. h5 Ne7 30. Rxd6 Bxd6 31. Ne4 Ba3 32. Nxf6 Nc8 33. Ng4 Nd6 34. Ne5 Bg8 35.
g4 Bxb2+ 36. Kxb2 Ra4 37. g5 hxg5 38. fxg5 Ne4 39. Bf3 1-0

[Event "*** Titled Tuesday Blitz"]
[Site "Chess.com"]
[Date "2020.10.27"]
[Round "11"]
[White "Bastiandash"]
[Black "chesstrainer2042"]
[Result "0-1"]
[WhiteElo "2327"]
[BlackElo "2422"]
[TimeControl "180+1"]
[EndTime "12:04:22 PDT"]
[Termination "chesstrainer2042 won on time"]

1. b3 e5 2. Bb2 Nc6 3. Nf3 e4 4. Nd4 Qf6 5. e3 Nxd4 6. Bxd4 Qg6 7. g3 d5 8. d3 Bb4+ 9. Bc3 Bd6 10. Bg2 Nf6 11. Nd2 O-O 12. Bxf6 Qxf6 13. dxe4 dxe4 14.
Nxe4 Bb4+ 15. Kf1 Qe7 16. c3 Ba5 17. b4 Bb6 18. Qf3 Bd7 19. Qf4 a5 20. a3 Rfd8 21.
h4 Bc6 0-1

[Event "*** Titled Tuesday Blitz"]
[Site "Chess.com"]
[Date "2020.10.27"]
[Round "11"]
[White "Msb2"]
[Black "RD4ever"]
[Result "0-1"]
[WhiteElo "2908"]
[BlackElo "2846"]
[TimeControl "180+1"]
[EndTime "12:04:24 PDT"]
[Termination "RD4ever won by resignation"]

1. d4 d5 2. c4 e6 3. Nc3 c5 4. cxd5 exd5 5. Nf3 Nc6 6. dxc5 Nf6 7. Be3 Be6 8. g3 Rc8 9. Bg2 Ng4 10. Bd4 Nxd4 11. Nxd4 Bxc5 12. O-O O-O 13. e3 Ne5 14. Rc1 Bg4 15. Qa4 Bxd4 16. Qxd4 Nf3+ 17. Bxf3 Bxf3 18. Qf4 Qf6 19. Qxf6 gxf6 20. g4 h5 21. h3 hxg4 22. hxg4 Rc4 23. Kh2 d4 24. Ne4 Rxc1 25. Nxf6+ Kg7 26.
Nh5+ Kh6 27. Rxc1 d3 0-1

[Event "*** Titled Tuesday Blitz"]
[Site "Chess.com"]
[Date "2020.10.27"]
[Round "11"]
[White "garfio2017"]
[Black "reniite"]
[Result "1-0"]
[WhiteElo "2245"]
[BlackElo "1942"]
[TimeControl "180+1"]
[EndTime "12:04:28 PDT"]
[Termination "garfio2017 won by resignation"]

1. e4 e5 2. Nf3 Nc6 3. d4 exd4 4.
Nxd4 Nf6 5. Nxc6 bxc6 6. Bd3 d5 7. e5 Nd7 8. O-O Bc5 9. Kh1 O-O 10. f4 Nb6 11. Nd2 f6 12. Nf3 Bg4 13. Qe1 Bxf3 14. Rxf3 fxe5 15. fxe5 Rxf3 16. gxf3 Qf8 17. Qg3 Re8 18.
Bd2 Rxe5 19. Bc3 d4 20. Bd2 Nd5 21. Qxe5 Qxf3+ 22. Kg1 Ne3 23. Qe6+ Kh8 24. Qe8+ Bf8 25. Bxe3 dxe3 26. Rf1 Qg4+ 27. Kh1 1-0

[Event "*** Titled Tuesday Blitz"]
[Site "Chess.com"]
[Date "2020.10.27"]
[Round "11"]
[White "albano87"]
[Black "TST2014"]
[Result "0-1"]
[WhiteElo "2323"]
[BlackElo "2484"]
[TimeControl "180+1"]
[EndTime "12:04:30 PDT"]
[Termination "TST2014 won by checkmate"]

1. e4 c5 2. Nf3 Nc6 3. d4 cxd4 4. Nxd4 Nf6 5. Nc3 d6 6. f3 e5 7. Nb3 Be7 8. Be3 O-O 9. Qd2 a5 10. Bb5 Be6 11. Rd1 Qb8 12. O-O Rd8 13. Nd5 Bxd5 14.
exd5 a4 15. dxc6 axb3 16. axb3 d5 17. Bb6 bxc6 18. Bxd8 Bc5+ 19. Kh1 Qxb5 20. Bxf6 gxf6 21. Qh6 Be7 22. f4 e4 23. f5 Qe2 24. Rde1 Qg4 25. Re3 Bd6 26. Qxf6 Bf4 27. Qxc6 Rd8 28. Rxf4 Qd1+ 29.
Re1 Qxe1+ 30. Rf1 Qxf1# 0-1

[Event "*** Titled Tuesday Blitz"]
[Site "Chess.com"]
[Date "2020.10.27"]
[Round "11"]
[White "ChelsieMonica"]
[Black "vova-79"]
[Result "0-1"]
[WhiteElo "2331"]
[BlackElo "2500"]
[TimeControl "180+1"]
[EndTime "12:04:32 PDT"]
[Termination "vova-79 won by resignation"]

1. e4 e5 2. f4 d5 3. exd5 exf4 4. Nf3 Bd6 5. Nc3 Nf6 6. d3 O-O 7. Be2 c6 8. dxc6 Nxc6 9. O-O Re8 10. Kh1 Bg4 11. h3 Bh5 12. Ng5 Bxe2 13. Nxe2 h6 14. Ne4 Nxe4 15. dxe4 Rxe4 16. Bxf4 Bxf4 17. Nxf4 Qb6 18. b3 Rd8 19. Qh5 Re5 20. Qg4 Rg5 21. Qf3 Nd4 22. Qf2 Nf5 23. Qxb6 axb6 24. Rf2 Ng3+ 25. Kh2 Ne4 26. Re2 Nc3 27. Rf2 Rf5 28. g4 Rf6 29. Kg2 Ne4 30. Raf1 Nxf2 31. Rxf2 b5 32. Nd3 Rxf2+ 33. Kxf2 g6 34. Kf3 Kg7 35. Ke4 Rc8 36. Nb4 Kf6 37. Nd5+ Kg5 38. Nb4 Kh4 39. Ke5 Kxh3 40. Kf6 Kxg4 41. Kxf7 h5 0-1

[Event "*** Titled Tuesday Blitz"]
[Site "Chess.com"]
[Date "2020.10.27"]
[Round "11"]
[White "YoungUzbek"]
[Black "gilbert_gm"]
[Result "1-0"]
[WhiteElo "2752"]
[BlackElo "2579"]
[TimeControl "180+1"]
[EndTime "12:04:34 PDT"]
[Termination "YoungUzbek won by resignation"]

1. d4 d5 2. Bg5 c6 3. Nc3 Nf6 4. Nf3 Bf5 5. e3 e6 6. Bd3 Be7 7. O-O Nbd7 8. Ne2 O-O 9. Ng3 Bg6 10. Bxg6 hxg6 11. c3 Qb6 12. Qc2 c5 13. Ne5 Rfe8 14. h4 Rac8 15. Qe2 Qc7 16. f4 Ne4 17. Nxe4 dxe4 18. Bxe7 Rxe7 19. h5 gxh5 20. Qxh5 Nf6 21. Qh3 Nd5 22. Kf2 cxd4 23. Rh1 dxe3+ 24. Kg3 1-0

[Event "*** Titled Tuesday Blitz"]
[Site "Chess.com"]
[Date "2020.10.27"]
[Round "11"]
[White "m-garcett"]
[Black "Trickov"]
[Result "0-1"]
[WhiteElo "2088"]
[BlackElo "2343"]
[TimeControl "180+1"]
[EndTime "12:04:35 PDT"]
[Termination "Trickov won by checkmate"]

1. e4 c5 2. Nf3 d6 3. d4 Nf6 4.
Nc3 cxd4 5. Nxd4 a6 6. Bc4 e6 7. Bb3 b5 8. O-O Bb7 9. f4 Nc6 10. Be3 b4 11. Na4 Nxe4 12. f5 e5 13. Ne6 Qe7 14.
Nxf8 Kxf8 15. Nb6 Rd8 16. Nd5 Qh4 17. f6 Nxf6 18. Nxf6 gxf6 19. Qd5 Rd7 20. Rf3 Nd4 21. Qc4 Nxf3+ 22. gxf3 Rg8+ 23. Kh1 Bxf3# 0-1

[Event "*** Titled Tuesday Blitz"]
[Site "Chess.com"]
[Date "2020.10.27"]
[Round "11"]
[White "Sergienko_Sergey"]
[Black "Dr_crypt"]
[Result "1-0"]
[WhiteElo "2338"]
[BlackElo "2444"]
[TimeControl "180+1"]
[EndTime "12:04:39 PDT"]
[Termination "Sergienko_Sergey won by resignation"]

1. e4 e5 2. Nf3 Nc6 3. Bb5 a6 4.
Ba4 Nf6 5. Bxc6 dxc6 6. d3 Bd6 7. Nbd2 Nd7 8. Nc4 O-O 9. O-O f6 10. h3 Nc5 11. Nh4 Be6 12. Ne3 a5 13. Nhf5 g6 14.
Nxd6 cxd6 15. a4 g5 16. Nf5 Bxf5 17. exf5 Kg7 18. b3 d5 19. Ba3 b6 20. d4 exd4 21.
Qxd4 Qd6 22. f4 h6 23. fxg5 hxg5 24. Rae1 Rfe8 25. Qg4 Qd7 26. Bb2 Ne4 27. Rxe4 Rxe4 28. Qxg5+ Kf7 29. Qxf6+ Ke8 30. Qh8+ Ke7 31. Qxa8 1-0

[Event "*** Titled Tuesday Blitz"]
[Site "Chess.com"]
[Date "2020.10.27"]
[Round "11"]
[White "amintabatabaei"]
[Black "Jumbo"]
[Result "1-0"]
[WhiteElo "2911"]
[BlackElo "2875"]
[TimeControl "180+1"]
[EndTime "12:04:40 PDT"]
[Termination "amintabatabaei won by resignation"]

1. e4 e5 2. Nf3 Nc6 3. Bc4 Nf6 4. d3 Be7 5. O-O O-O 6. a4 d5 7. exd5 Nxd5 8. h3 a6 9. Re1 Nb6 10. Bb3 Bf6 11. a5 Nd7 12. Be3 Re8 13. Nbd2 Nf8 14. Ne4 Be6 15. c3 Be7 16. Nfg5 Bxg5 17. Nxg5 Bxb3 18.
Qxb3 Qd7 19. Red1 Ne6 20. Nxe6 Qxe6 21. Qxb7 Reb8 22. Qxc7 Rxb2 23. d4 exd4 24. cxd4 Rc8 25. d5 Rxc7 26. dxe6 fxe6 27. Rac1 Rbb7 28. Bb6 Rc8 29.
Rd6 1-0

[Event "*** Titled Tuesday Blitz"]
[Site "Chess.com"]
[Date "2020.10.27"]
[Round "11"]
[White "ChessQueen"]
[Black "ChessAurochs"]
[Result "1-0"]
[WhiteElo "2740"]
[BlackElo "2557"]
[TimeControl "180+1"]
[EndTime "12:04:43 PDT"]
[Termination "ChessQueen won by resignation"]

1. e4 e5 2. Nf3 Nc6 3. Bc4 Nf6 4. d3 h6 5. a4 d6 6. a5 a6 7. c3 g6 8. Qb3 Qe7 9. Nbd2 Bg7 10. Nf1 O-O 11. Ne3 Nd8 12. h4 c6 13. Bd2 Ne6 14. O-O-O Qc7 15. Qa2 h5 16. Kb1 Rd8 17. Bc1 b5 18. axb6 Qxb6 19. Ng5 Re8 20. g4 Qc7 21. f3 a5 22. Rhg1 a4 23. Nc2 Ra7 24.
gxh5 Nxh5 25. Nxe6 Bxe6 26. Nb4 Rb8 27. Bxe6 fxe6 28.
Qxe6+ Qf7 29. Rxg6 Qxe6 30. Rxe6 Rab7 31. Nxc6 Bh6 32. Rxh6 1-0